 Dungeon Crawl Stone Soup version 0.19.1 (webtiles) character file.

114 DrHerr the Poker (level 4, 0/34 HPs)
             Began as a Merfolk Skald on Dec 19, 2016.
             Was a Follower of Uskayaw.
             Killed from afar by Sigmund (8 damage)
             ... with a magic dart
             ... on level 3 of the Dungeon on Dec 20, 2016.
             The game lasted 00:45:09 (4394 turns).

DrHerr the Poker (Merfolk Skald)                    Turns: 4394, Time: 00:45:10

Health: 0/34       AC:  8    Str: 12    XL:     4   Next: 97%
Magic:  5/7        EV: 12    Int: 14    God:    Uskayaw [*.....]
Gold:   156        SH:  0    Dex: 14    Spells: 2 memorised, 4 levels left

rFire  + . .     SeeInvis .     D - +0 trident
rCold  . . .     Gourm    .     b - +1 leather armour
rNeg   . . .     Faith    .     (no shield)
rPois  .         Spirit   .     (no helmet)
rElec  .         Reflect  .     (no cloak)
rCorr  .         Harm     .     t - +0 pair of gloves
MR     .....                    e - +2 pair of boots
Stlth  +.........               A - amulet of regeneration
                                m - ring of protection from fire
                                y - +3 ring of intelligence

@: no status effects
A: change form in water, swift swim, stealthy swim
a: Stomp, Renounce Religion


You were on level 3 of the Dungeon.
You worshipped Uskayaw.
Uskayaw was noncommittal.
You were hungry.

You visited 1 branch of the dungeon, and saw 3 of its levels.

You collected 156 gold pieces.

Inventory:

Hand Weapons
 a - a +0 spear
 g - a cursed +0 whip
 h - a +1 dagger of draining
 l - a cursed -1 short sword
 n - a +0 mace
 p - a +2 hunting sling of freezing
 q - a +0 hand axe
 D - a +0 trident (weapon)
Missiles
 f - 99 stones (quivered)
 w - 44 bolts
Armour
 b - a +1 leather armour (worn)
 e - a +2 pair of boots (worn)
 r - a +0 ring mail
 t - a +0 pair of gloves (worn)
 x - a +0 leather armour
 B - a +0 helmet
 G - a +3 leather armour
Jewellery
 m - a ring of protection from fire (right hand)
 y - a +3 ring of intelligence (left hand)
 A - an amulet of regeneration (around neck)
Wands
 u - a wand of disintegration (11/24)
Scrolls
 i - 3 scrolls of magic mapping
Potions
 j - a potion of might {unknown}
 k - 2 potions of magic {unknown}
 o - 3 potions of agility {unknown}
 s - a potion of brilliance {unknown}
 v - 2 potions of heal wounds {unknown}
 F - a potion of invisibility {unknown}
 H - a potion of degeneration {unknown}
Books
 c - a book of Battle

   Spells                             Type                      Level
   a - Infusion                       Charms                       1
   b - Shroud of Golubria             Charms/Translocation         2
   c - Song of Slaying                Charms                       2
   d - Spectral Weapon                Hexes/Charms                 3
   e - Regeneration                   Charms/Necromancy            3
Comestibles
 d - 4 bread rations
 z - a beef jerky
 C - a slice of pizza
 E - a meat ration


   Skills:
 + Level 2.4 Fighting
 + Level 4.7 Polearms
 + Level 0.2 Throwing
 + Level 1.6 Armour
 + Level 2.4 Dodging
 + Level 2.2 Spellcasting
 + Level 3.9 Charms


You had 4 spell levels left.
You knew the following spells:

 Your Spells              Type           Power        Failure   Level  Hunger
a - Infusion              Chrm           ##..         8%          1    #......
b - Shroud of Golubria    Chrm/Tloc      #.........   21%         2    ###....


Dungeon Overview and Level Annotations

Branches:
Dungeon (3/15)

Altars:
Hepliaklqana
Nemelex Xobeh
Uskayaw
Vehumet
The Shining One

Annotations:
D:3 Sigmund


Message History

You barely miss something. Something hits you.
You closely miss something. Something hits you.
You closely miss something. You closely miss something.
You hear some strange, mumbled words.
A puff of flame appears from out of thin air!
The puff of flame hits you! You resist.
Okay, then.
You hear some strange, mumbled words.
A puff of flame appears from out of thin air!
The puff of flame hits you! Something hits you.
* * * LOW HITPOINT WARNING * * *
Something hits you.
* * * LOW HITPOINT WARNING * * *
You barely miss something.
You hear some strange, mumbled words.
A magic dart appears from out of thin air!
The magic dart hits you!
You die...

###.##.......#...#.............#.
.......................#.#..####.
###..........#.(....,.....>......
....##...........#.#.....#..##.#.
###..............#.#.*,*,*,......
#..........#...#..,,,,,...##.#.
#.###..........#.#####.........
**#.#######......#.......#,.##.##
,,..............@{.......#.,*#,*
*##.#######.#...##.#####.#*,**.##
#.# #................,,,..(
#.#######.#.............,.,,.##
#............###.#####.#*,**,*
*.#######.##.# #.# *,**,**,* ***
###### ### *********


There were no monsters in sight!

Vanquished Creatures
  3 adders (D:2)
  An ooze (D:1)
  A worm (D:2)
  A dart slug (D:1)
  2 leopard geckos
  3 orcs (D:1)
  6 bats
  3 giant cockroaches
  7 goblins
  14 hobgoblins
  7 jackals
  4 kobolds
  A quokka (D:3)
  A ball python (D:2)
  4 frilled lizards
  7 rats
65 creatures vanquished.

Notes
Turn   | Place    | Note
-------+----------+-------------------------------------------
     0 | D:1      | DrHerr the Merfolk Skald began the quest for the Orb.
     0 | D:1      | Reached XP level 1. HP: 16/16 MP: 3/3
   127 | D:1      | Reached XP level 2. HP: 14/22 MP: 5/5
   802 | D:1      | Reached skill level 1 in Armour
   802 | D:1      | Reached XP level 3. HP: 24/27 MP: 6/6
  1206 | D:1      | Learned a level 2 spell: Shroud of Golubria
  1457 | D:1      | HP: 1/28 [orc/mace (7)]
  2029 | D:2      | Reached skill level 4 in Polearms
  2324 | D:1      | Reached XP level 4. HP: 34/34 MP: 7/7
  3078 | D:2      | Found a sparkling altar of Nemelex Xobeh.
  3080 | D:2      | Found a hide-covered altar of Uskayaw.
  3107 | D:2      | Found a radiant altar of Vehumet.
  3110 | D:2      | Found a hazy altar of Hepliaklqana.
  3288 | D:2      | Became a worshipper of Uskayaw the Reveler
  3515 | D:3      | Reached * piety under Uskayaw
  3738 | D:3      | Found a glowing golden altar of the Shining One.
  4353 | D:3      | Noticed Sigmund
  4377 | D:3      | Reached ** piety under Uskayaw
  4394 | D:3      | Killed from afar by Sigmund

Skill      XL: |  1  2  3  4 |
---------------+-------------+-----
Armour         | 1 |  1.6
Polearms       | 4 |  4.7
Dodging        | 2 |  2.4
Fighting       | |  2.4
Throwing       | |  0.2
Spellcasting   | |  2.2
Charms         | |  3.9

Action                   |  1- 3 |  4- 6 || total
-------------------------+-------+-------++-------
Melee: Spear             |   153 |    84 ||   237
       Tailslap          |     1 |       ||     1
       Trident           |       |    48 ||    48
Throw: Stone             |    10 |       ||    10
Invok: Stomp             |       |     2 ||     2
  Use: Scroll            |     1 |     9 ||    10
  Eat: Chunk             |     2 |       ||     2
       Bread ration      |     1 |     1 ||     2
Armor: Leather armour    |    25 |    47 ||    72
Dodge: Dodged            |    66 |    66 ||   132
